 Dungeon Crawl Stone Soup version 0.21.0 (webtiles) character file.

233 Jynx the Changer (level 6, -1/43 HPs)
             Began as a Merfolk Transmuter on Jan 8, 2018.
             Killed from afar by an orc wizard (9 damage)
             ... with a puff of frost
             ... on level 4 of the Dungeon.
             The game lasted 00:06:28 (4444 turns).

Jynx the Changer (Merfolk Transmuter)               Turns: 4444, Time: 00:06:28

Health: -1/43      AC:  3    Str: 10    XL:     6   Next: 4%
Magic:  8/11       EV: 13    Int: 12    God:
Gold:   300        SH:  0    Dex: 17    Spells: 6/12 levels left

rFire    . . .     SeeInvis .     - Unarmed
rCold    . . .     Gourm    .   (no shield)
rNeg     . . .     Faith    .   b - +1 robe
rPois    .         Spirit   .   (no helmet)
rElec    .         Reflect  .   (no cloak)
rCorr    .         Harm     .   (no gloves)
MR       .....                  (no boots)
Stlth    ++........             (no amulet)
HPRegen  0.14/turn              (no ring)
MPRegen  0.12/turn              (no ring)

@: no status effects
A: change form in water, swift swim, stealthy swim
a: no special abilities


You were on level 4 of the Dungeon.
You were hungry.

You visited 1 branch of the dungeon, and saw 4 of its levels.

You collected 300 gold pieces.

Inventory:

Missiles
 a - 37 arrows
Armour
 b - a +1 robe (worn)
Jewellery
 t - an uncursed ring of fire
Scrolls
 e - a scroll of magic mapping
 i - 2 scrolls of enchant weapon
 j - a scroll of teleportation
 n - a scroll of remove curse
Potions
 f - a potion of might
 g - a potion of berserk rage {unknown}
 h - a potion of ambrosia {unknown}
 k - 3 potions of lignification
 l - a potion of magic {unknown}
 m - a potion of haste
 o - 2 potions of brilliance {unknown}
 p - 2 potions of cancellation {unknown}
 q - 2 potions of curing {unknown}
 r - a potion of flight {unknown}
 u - a potion of agility {unknown}
Books
 c - a book of Changes

   Spells                             Type                      Level
   a - Beastly Appendage              Transmutation                1
   b - Sticks to Snakes               Transmutation                2
   c - Spider Form                    Transmutation/Poison         3
   d - Ice Form                       Ice/Transmutation            4
   e - Blade Hands                    Transmutation                5
 s - a book of Minor Magic

   Spells                             Type                      Level
   a - Magic Dart                     Conjuration                  1
   b - Blink                          Translocation                2
   c - Call Imp                       Summoning                    2
   d - Slow                           Hexes                        2
   e - Conjure Flame                  Conjuration/Fire             3
   f - Mephitic Cloud                 Conjuration/Poison/Air       3
Comestibles
 d - 7 rations


   Skills:
 - Level 1.1 Fighting
 - Level 2.6 Dodging
 - Level 3.2 Unarmed Combat
 + Level 3.5 Spellcasting
 * Level 6.8 Transmutations


You had 6 spell levels left.
You knew the following spells:

 Your Spells              Type           Power        Failure   Level  Hunger
a - Beastly Appendage     Tmut           ###...       1%          1    #......
b - Sticks to Snakes      Tmut           ###.....     2%          2    ##.....
c - Spider Form           Tmut/Pois      ##........   17%         3    ###....


Dungeon Overview and Level Annotations

Branches:
Dungeon (4/15)
 Temple: D:4-7

Altars:
Trog
Uskayaw
Zin


Message History

Confirm with . or Enter, or press ? or * to list all spells.
You create a snake!
You now have 37 arrows.
The orc wizard points at you and mumbles some strange words.
The magic dart hits you!
Your ball python bites the orc wizard.
Your ball python barely misses the orc wizard.
The orc wizard points at you and mumbles some strange words.
The puff of flame hits you!
Your ball python barely misses the orc wizard.
Your ball python grabs the orc wizard.
Your ball python constricts the orc wizard.
The orc wizard struggles to escape constriction.
The orc wizard struggles to escape constriction.
Your ball python bites the orc wizard.
Your ball python constricts the orc wizard.
The orc priest invokes the aid of Beogh against you.
Beogh smites you!
* * * LOW HITPOINT WARNING * * *
The orc wizard casts a spell at you. The puff of frost hits you!
You die...

.# #.# #.# #.# #.# ###.### #
#.....# # ###S....######## #
#.o....@.......###### #
#o#......#.<...##...####
#.#...............#>##..
.......#.######.#.....##...##..
......(#o# #.#..............
#.%....#.# #.#.....###.###..
#_)...[#o# ##.....## #.# #..
#.!....#.# ##.#.## #.# ###
.....o.#.# #.#.# #.# #


You could see an orc priest, an orc wizard and a friendly ball python.

Vanquished Creatures
  A hound (D:4)
  A worker ant (D:4)
  A worker ant zombie (D:3)
  6 adders
  An ooze (D:2)
  An adder skeleton (D:4)
  A worm (D:2)
  4 dart slugs (D:1)
  3 leopard geckos
  3 orcs (D:3)
  A ball python (D:1)
  3 giant cockroaches
  2 goblins
  8 hobgoblins
  5 jackals
  10 bats
  5 frilled lizards
  5 kobolds
  5 rats
66 creatures vanquished.

Vanquished Creatures (collateral kills)
  An iguana (D:4)
  An adder (D:3)
  An orc (D:3)
  A quokka (D:3)
4 creatures vanquished.

Grand Total: 70 creatures vanquished

Notes
Turn   | Place    | Note
-------+----------+-------------------------------------------
     0 | D:1      | Jynx the Merfolk Transmuter began the quest for the Orb.
     0 | D:1      | Reached XP level 1. HP: 15/15 MP: 3/3
    14 | D:1      | Reached skill level 3 in Transmutations
    48 | D:1      | Reached XP level 2. HP: 6/21 MP: 1/5
   582 | D:1      | Reached skill level 4 in Transmutations
   590 | D:1      | Reached XP level 3. HP: 19/26 MP: 4/6
   748 | D:1      | Learned a level 2 spell: Sticks to Snakes
   752 | D:1      | Learned a level 3 spell: Spider Form
  1566 | D:2      | Found a glowing silver altar of Zin.
  2024 | D:2      | Reached XP level 4. HP: 5/32 MP: 4/8
  2413 | D:3      | Reached skill level 5 in Transmutations
  3139 | D:3      | Found a bloodstained altar of Trog.
  3145 | D:3      | Reached XP level 5. HP: 36/37 MP: 9/9
  3472 | D:3      | Reached skill level 6 in Transmutations
  4049 | D:4      | Reached XP level 6. HP: 4/43 MP: 6/11
  4427 | D:4      | Found a hide-covered altar of Uskayaw.
  4444 | D:4      | Killed from afar by an orc wizard

Skill      XL: |  1  2  3  4  5 |
---------------+----------------+-----
Transmutations | 3 4 5 6 |  6.8
Spellcasting   | 3 |  3.5
Fighting       | |  1.1
Dodging        | |  2.6
Unarmed Combat | |  3.2

Action                   |  1- 3 |  4- 6 || total
-------------------------+-------+-------++-------
Melee: Unarmed           |   117 |   134 ||   251
       Headbutt          |    23 |    20 ||    43
       Punch             |       |     3 ||     3
 Cast: Beastly Appendage |    24 |    21 ||    45
       Sticks to Snakes  |     1 |    13 ||    14
  Use: Scroll            |     4 |     5 ||     9
       Potion            |       |     3 ||     3
 Stab: Sleeping          |     1 |       ||     1
       Distracted        |       |     1 ||     1
  Eat: Chunk             |     4 |     8 ||    12
Armor: Robe              |    28 |    20 ||    48
       Skin              |       |     4 ||     4
Dodge: Dodged            |    84 |    79 ||   163
